 Dungeon Crawl Stone Soup version 0.31.0-9-g3a7656b989 (webtiles) character file.

Game seed: 9712438255823057599

101 qw the Shooter (level 4, -1/25 HPs)
             Began as a Deep Elf Hunter on Feb 2, 2024.
             Slain by a hobgoblin (3 damage)
             ... on level 3 of the Dungeon.
             The game lasted 00:00:07 (1422 turns).

qw the Shooter (Deep Elf Hunter)                    Turns: 1422, Time: 00:00:07

Health: -1/25      AC:  4    Str:  9 (10) XL:     4   Next: 48%
Magic:  6/6        EV: 12    Int: 12 (14) God:
Gold:   37         SH:  0    Dex: 16 (18) Spells: 3/3 levels left

rFire   . . .        a - +0 shortbow
rCold   . . .        (shield currently unavailable)
rNeg    + . .        c - +0 leather armour
rPois   .            b - +1 hat
rElec   .            (no cloak)
rCorr   .            (no gloves)
SInv    .            (no boots)
Will    .....        (no amulet)
Stlth   ++           h - ring of positive energy
HPRegen 0.24/turn    (no ring)
MPRegen 0.10/turn

%: no passive effects
@: about to teleport
A: no striking features
a: no special abilities


You were on level 3 of the Dungeon.
You visited 1 branch of the dungeon, and saw 3 of its levels.

You collected 97 gold pieces.
You spent 60 gold pieces at shops.


   Skills:
 - Level 1.5 Fighting
 + Level 7.9 Ranged Weapons
 - Level 2.4 Dodging
 - Level 1.2 Stealth


You had 3 spell levels left.
You didn't know any spells.
Your spell library was empty.

Inventory:

Hand Weapons
 a - a +0 shortbow (weapon)
Armour
 b - a +1 hat (worn)
 c - a +0 leather armour (worn)
 d - a +2 robe of willpower
Jewellery
 h - a ring of positive energy (left hand)
Wands
 e - a wand of charming (8)
 m - a wand of roots (8)
Potions
 g - 2 potions of curing
 k - a potion of haste {unknown}

Dungeon Overview and Level Annotations

Branches:
Dungeon (3/15)

Altars:

Shops:
D:2 =*[:*


Message History

The quokka barely misses you. The quokka bites you. x2
You shoot an arrow. The arrow hits the quokka!
You kill the quokka!
The quokka bites you.
You shoot an arrow. The arrow barely misses the kobold.
The kobold hits you with a +0 short sword.
The quokka bites you.
You shoot an arrow. The arrow closely misses the kobold.
The quokka bites you.
The kobold hits you with a +0 short sword.
You shoot an arrow. The arrow hits the kobold!
You kill the kobold!
The quokka misses you. The hobgoblin barely misses you.
The quokka closely misses you.
You shoot an arrow. The arrow hits the quokka.
The quokka is moderately wounded.
The hobgoblin hits you. The quokka closely misses you.
You shoot an arrow. The arrow hits the quokka.
The quokka is heavily wounded.
The hobgoblin misses you. The quokka barely misses you.
You shoot an arrow. The arrow barely misses the quokka.
The hobgoblin barely misses you.
The quokka bites you but does no damage.
You shoot an arrow. The arrow closely misses the quokka.
The quokka bites you. The hobgoblin barely misses you.
The quokka closely misses you. The hobgoblin closely misses you.
1419 ||| READING scroll of teleportation.
As you read the scroll of teleportation, it crumbles to dust.
You feel strangely unstable. The quokka bites you.
The hobgoblin closely misses you.
You shoot an arrow.
The arrow hits the quokka but does no damage.
The quokka is heavily wounded.
The quokka closely misses you. The hobgoblin hits you.
You shoot an arrow. The arrow barely misses the quokka.
The quokka closely misses you. The hobgoblin hits you.
The quokka bites you but does no damage.
You shoot an arrow. The arrow barely misses the quokka.
The quokka closely misses you. The hobgoblin hits you.
You die...

..# ..### # #.#.. #.
#.#.# ...####### #.#.#
.........# #.#.#######.#
.........###)#.........#
......g...........######
......r@..........# #...
.#....$##.........# #.##
....... +.....>...# #.#
#...... #.........# #.#
#...... #.........###.#
.##.... +........%'...##
#.... #.........######
#.... ###....#### #
..###


You could see a quokka and a hobgoblin.

Vanquished Creatures
  Jessica (D:3)
  2 adders
  A ribbon worm (D:2)
  A dart slug (D:2)
  5 ball pythons
  4 bats
  2 endoplasms (D:1)
  A giant cockroach (D:2)
  6 goblins
  6 hobgoblins
  3 jackals (D:2)
  2 quokkas
  6 frilled lizards
  4 kobolds
  7 rats
51 creatures vanquished.

Notes
Turn   | Place    | Note
-------+----------+-------------------------------------------
     0 | D:1      | qw the Deep Elf Hunter began the quest for the Orb.
     0 | D:1      | Reached XP level 1. HP: 12/12 MP: 3/3
     0 | D:1      | 0 ||| qw: Version: 0.3-a-155-g5e7d8dd
     0 | D:1      | 0 ||| qw: Game counter: 783
     0 | D:1      | 0 ||| qw: Melee chars always use a shield: true
     0 | D:1      | 0 ||| qw: God list: Okawaru
     0 | D:1      | 0 ||| qw: Allow faded altars: false
     0 | D:1      | 0 ||| qw: Do Orc after clearing Dungeon:15 true
     0 | D:1      | 0 ||| qw: Do second Lair branch before Depths: true
     0 | D:1      | 0 ||| qw: Lair rune preference: random
     0 | D:1      | 0 ||| qw: Goals: Normal
     0 | D:1      | 0 ||| PLANNING D:1-11
    96 | D:1      | Reached XP level 2. HP: 16/16 MP: 4/4
    99 | D:1      | Reached skill level 6 in Ranged Weapons
   453 | D:1      | 453 ||| UPGRADING to ring of positive energy.
   454 | D:1      | 454 ||| READING 2 scrolls labelled QUV IGATSOCU.
   455 | D:1      | 455 ||| READING 2 scrolls labelled RAULA KISOHICW.
   456 | D:1      | 456 ||| READING scroll labelled KUTRUFRE HUTZ.
   461 | D:1      | 461 ||| DROPPING scroll of butterflies.
   462 | D:1      | 462 ||| DROPPING scroll of amnesia.
   463 | D:1      | 463 ||| DROPPING scroll of blinking.
   497 | D:2      | Reached XP level 3. HP: 20/20 MP: 5/5
   561 | D:2      | Found Nonlit's Book Shoppe.
   834 | D:2      | Found Heosiv's Jewellery Boutique.
   843 | D:2      | Reached skill level 7 in Ranged Weapons
   847 | D:2      | 847 ||| SHOPLISTING +5 ring of evasion (468 gold, have 40).
   847 | D:2      | 847 ||| SHOPLISTING amulet of faith (520 gold, have 40).
   847 | D:2      | 847 ||| SHOPLISTING amulet of regeneration (390 gold, have
                  | 40).
   847 | D:2      | 847 ||| SHOPLISTING ring "Qosann" {rC- rN+++ rCorr Slay+2
                  | Stlth-} (624 gold, have 40).
   847 | D:2      | 847 ||| SHOPLISTING ring of resist corrosion (260 gold,
                  | have 40).
   847 | D:2      | 847 ||| SHOPLISTING ring of see invisible (195 gold, have
                  | 40).
   922 | D:2      | Found Lydaiwn's Assorted Antiques.
   925 | D:2      | 925 ||| SHOPLISTING ring mail (120 gold, have 64).
   925 | D:2      | 925 ||| BUYING scroll labelled TIUZ NAUSAASU (30 gold).
   925 | D:2      | Bought a scroll labelled TIUZ NAUSAASU for 30 gold pieces
   925 | D:2      | 925 ||| BUYING scroll labelled TIUZ NAUSAASU (30 gold).
   925 | D:2      | Bought a scroll labelled TIUZ NAUSAASU for 30 gold pieces
   925 | D:2      | 925 ||| SHOPLISTING scroll labelled ZUABYU VECORCHI (30
                  | gold, have 4).
   925 | D:2      | 925 ||| SHOPLISTING scroll of teleportation (90 gold, have
                  | 4).
   925 | D:2      | 925 ||| SHOPLISTING shiny ring mail (210 gold, have 4).
  1012 | D:2      | Found Xohast's Assorted Antiques.
  1040 | D:2      | 1040 ||| FLEEEEING.
  1041 | D:2      | 1041 ||| FLEEEEING.
  1042 | D:2      | 1042 ||| FLEEEEING.
  1043 | D:2      | 1043 ||| FLEEEEING.
  1044 | D:2      | 1044 ||| FLEEEEING.
  1045 | D:2      | 1045 ||| FLEEEEING.
  1047 | D:2      | 1047 ||| FLEEEEING.
  1048 | D:2      | 1048 ||| FLEEEEING.
  1049 | D:2      | 1049 ||| FLEEEEING.
  1050 | D:2      | 1050 ||| FLEEEEING.
  1051 | D:2      | 1051 ||| FLEEEEING.
  1053 | D:2      | 1053 ||| FLEEEEING.
  1072 | D:2      | 1072 ||| SHOPLISTING golden potion (24 gold, have 20).
  1072 | D:2      | 1072 ||| SHOPLISTING green potion (24 gold, have 20).
  1072 | D:2      | 1072 ||| SHOPLISTING ring mail (108 gold, have 20).
  1072 | D:2      | 1072 ||| SHOPLISTING scroll labelled TIUZ NAUSAASU (27
                  | gold, have 20).
  1072 | D:2      | 1072 ||| SHOPLISTING scroll labelled WOEPLA SIDAQUS (27
                  | gold, have 20).
  1072 | D:2      | 1072 ||| SHOPLISTING scroll labelled ZUABYU VECORCHI (27
                  | gold, have 20).
  1072 | D:2      | 1072 ||| SHOPLISTING scroll of teleportation (81 gold, have
                  | 20).
  1078 | D:2      | Found Tuwi's Antique Armour Emporium.
  1088 | D:2      | 1088 ||| SHOPLISTING embroidered hat (203 gold, have 37).
  1088 | D:2      | 1088 ||| SHOPLISTING glowing leather armour (145 gold, have
                  | 37).
  1088 | D:2      | 1088 ||| SHOPLISTING pair of gloves (130 gold, have 37).
  1088 | D:2      | 1088 ||| SHOPLISTING ring mail (116 gold, have 37).
  1088 | D:2      | 1088 ||| SHOPLISTING runed cloak (217 gold, have 37).
  1088 | D:2      | 1088 ||| SHOPLISTING shiny ring mail (203 gold, have 37).
  1088 | D:2      | 1088 ||| SHOPLISTING translucent helmet (275 gold, have
                  | 37).
  1265 | D:2      | 1265 ||| UPGRADING to +1 hat.
  1270 | D:2      | 1270 ||| READING 2 scrolls labelled TIUZ NAUSAASU.
  1270 | D:2      | 1270 ||| IDENTIFYING silvery potion
  1271 | D:2      | 1271 ||| READING scroll of identify.
  1271 | D:2      | 1271 ||| IDENTIFYING murky red potion
  1272 | D:2      | 1272 ||| DRINKING 2 glowing brown potions.
  1273 | D:2      | 1273 ||| DRINKING 4 brown potions.
  1274 | D:2      | 1274 ||| DROPPING potion of ambrosia.
  1275 | D:2      | 1275 ||| DROPPING potion of brilliance.
  1276 | D:2      | 1276 ||| DROPPING 3 potions of degeneration.
  1389 | D:3      | Noticed Jessica
  1394 | D:3      | Killed Jessica
  1395 | D:3      | Reached XP level 4. HP: 25/25 MP: 6/6
  1418 | D:3      | HP: 6/25 [quokka (4)]
  1419 | D:3      | 1419 ||| READING scroll of teleportation.
  1420 | D:3      | HP: 2/25 [hobgoblin (3)]
  1422 | D:3      | Slain by a hobgoblin

Levels and vault maps discovered:
D:1:      saegor_arrival_miasma, layout_rooms, minmay_cut_off
D:2:      layout_basic, serial_shops, nicolae_shop_real_fake_doors,
          nicolae_shop_tiny_waterfront, nicolae_diamond_shop,
          nicolae_shop_gaudy_bauble, nicolae_shop_statue_plus,
          minmay_pentomino_q2
D:3:      layout_basic, serial_shops, shop, grunt_ministairs_1, minmay_vboxes,
          uniq_jessica, uniq_robin

Skill      XL: |  1  2  3 |
---------------+----------+-----
Ranged Weapons | 6 7 |  7.9
Fighting       | |  1.5
Dodging        | |  2.4
Stealth        | |  1.2

Action                     |  1- 3 |  4- 6 || total
---------------------------+-------+-------++-------
   Fire: Shortbow          |   133 |    20 ||   153
    Use: Scroll            |     5 |     1 ||     6
         Potion            |     2 |       ||     2
 Armour: Leather armour    |    15 |    16 ||    31
  Dodge: Dodged            |    26 |    20 ||    46

Table legend:
 A = Non-vault XP
 B = Vault XP
 C = Vault XP percentage of total XP
 D = Non-vault monster count
 E = Vault monster count
 F = Vault count percentage of total count
                 A         B        C        D         E       F
            +---------+---------+-------+---------+---------+-------
      Total |      90 |      55 |  37.9 |      46 |       5 |   9.8
            +---------+---------+-------+---------+---------+-------
        D:1 |      36 |       2 |   5.3 |      23 |       1 |   4.2
        D:2 |      51 |       1 |   1.9 |      21 |       1 |   4.5
        D:3 |       3 |      52 |  94.5 |       2 |       3 |  60.0
            +---------+---------+-------+---------+---------+-------
